 Dungeon Crawl Stone Soup version 0.28-a0-991-g956f0ee3d5 (webtiles) character file.

Game seed: 13685381427428651239

35 horus123 the Twirler (level 3, 0/27 HPs)
             Began as a Demonspawn Gladiator on Dec 4, 2021.
             Killed by nerve-wracking pain
             ... invoked by Jessica
              (6 damage)
             ... on level 2 of the Dungeon.
             The game lasted 00:03:18 (1762 turns).

horus123 the Twirler (Demonspawn Gladiator)         Turns: 1762, Time: 00:03:19

Health: 0/27       AC:  4    Str: 14    XL:     3   Next: 16%
Magic:  2/3        EV: 12    Int: 11    God:
Gold:   3          SH:  0    Dex: 14    Spells: 1/2 levels left

rFire   + . .      SeeInvis .   g - staff of death
rCold   . . .      Faith    .   (no shield)
rNeg    + . .      Spirit   .   b - +0 leather armour
rPois   .          Reflect  .   c - +0 helmet
rElec   .          Harm     .   (no cloak)
rCorr   .          Rampage  .   (no gloves)
Will    .....                   (no boots)
Stlth   +.........              (no amulet)
HPRegen 0.09/turn               j - ring of protection from fire
MPRegen 0.08/turn               (no ring)

@: no status effects
A: ignite blood 1
a: no special abilities


You were on level 2 of the Dungeon.
You visited 1 branch of the dungeon, and saw 2 of its levels.

You collected 3 gold pieces.

Inventory:

Hand Weapons
 a - a +0 quarterstaff
Missiles
 d - 2 throwing nets
Armour
 b - a +0 leather armour (worn)
 c - a +0 helmet (worn)
Magical Staves
 g - a staff of death (weapon)
Jewellery
 j - a ring of protection from fire (left hand)
Potions
 e - a potion of mutation {unknown}
 f - a potion of degeneration {unknown}
 h - a potion of ambrosia {unknown}
 i - a potion of flight


   Skills:
 - Level 2.0 Fighting
 - Level 3.3 Staves
 - Level 1.7 Throwing
 - Level 2.6 Dodging
 + Level 1.5 Necromancy
 - Level 1.1 Evocations


You had one spell level left.
You knew the following spells:

 Your Spells              Type           Power      Damage    Failure   Level
a - Pain                  Necr           20%        1d5       24%         1

Your spell library contained the following spells:

 Spells                   Type           Power      Damage    Failure   Level
 Excruciating Wounds      Necr           2%         N/A       100%        5
 Iron Shot                Conj/Erth      0%         9d1       100%        6
 Borgnjor's Revivificati  Necr           2%         N/A       100%        8


Dungeon Overview and Level Annotations

Branches:
Dungeon (2/15)

Altars:

Annotations:
D:2 Jessica


Innate Abilities, Weirdness & Mutations

Your demonic aura sometimes causes spilled blood to erupt in flames.


Message History

Jessica shouts!
Jessica casts a spell at you. Pain shoots through your body!
Jessica hits you with a +0 dagger.
You hit Jessica.
Jessica is moderately wounded.
Jessica mumbles some strange words.
Jessica blinks!
Jessica mumbles some strange words.
Jessica seems to speed up.
You throw a throwing net.
The throwing net closely misses Jessica.
You feel a surge of power!
You miscast Pain.
You are very lightly contaminated with residual magic.
Nothing appears to happen.
You feel a surge of power!
You miscast Pain.
Nothing appears to happen.
Jessica hits you with a +0 dagger.
You are too injured to fight recklessly!
Unknown command.
You are too injured to fight recklessly!
You barely miss Jessica.
Jessica is lightly wounded.
Jessica casts a spell at you. Pain shoots through your body!
* * * LOW HITPOINT WARNING * * *
Jessica mumbles some strange words.
Jessica blinks!
Jessica gestures wildly.
Jessica gestures at you while chanting. Pain shoots through your body!
* * * LOW HITPOINT WARNING * * *
Jessica gestures at you while chanting.
You barely resist.
Jessica mumbles some strange words.
Jessica blinks!
There is an open door here.
Your magical contamination has completely faded away.
Jessica points at you and mumbles some strange words.
Pain shoots through your body!
You die...

#######.#.# #..#
......#.#.# ##### #..#
#####.#.#.####...####@.#.#
......#.#.#..+...'.......#
##.#..#.#.#.##...#########
...>......................
####..#.#.#........@...###
#..#.#.########.#...#
#............@......#
#..#.#############..#
#..#.# ..# #..#.# ...
#..#.# .#.. #..#.# .
####..#.# ......#.#
#####.#


You could see Jessica (fast).

Vanquished Creatures
  3 dart slugs (D:1)
  A giant cockroach (D:1)
  2 goblins (D:1)
  5 hobgoblins
  5 kobolds
  5 ball pythons
  4 bats (D:1)
  2 frilled lizards
  2 rats
29 creatures vanquished.

Vanquished Creatures (others)
  9 toadstools (D:2)
9 creatures vanquished.

Grand Total: 38 creatures vanquished

Notes
Turn   | Place    | Note
-------+----------+-------------------------------------------
     0 | D:1      | horus123 the Demonspawn Gladiator began the quest for the
                  | Orb.
     0 | D:1      | Reached XP level 1. HP: 16/16 MP: 1/1
    57 | D:1      | Got the Grimoire of Necromancy and Stones
    93 | D:1      | Reached skill level 3 in Staves
   171 | D:1      | Gained mutation: Your demonic aura sometimes causes spilled
                  | blood to erupt in flames. [demonic ancestry]
   171 | D:1      | Reached XP level 2. HP: 16/22 MP: 2/2
   561 | D:1      | Reached skill level 1 in Necromancy
   812 | D:1      | Reached skill level 1 in Evocations
  1042 | D:1      | Reached XP level 3. HP: 27/27 MP: 3/3
  1044 | D:1      | Learned a level 1 spell: Pain
  1741 | D:2      | Noticed Jessica
  1762 | D:2      | Killed from afar by Jessica

Illustrated notes

Levels and vault maps discovered:
D:1:      denvon_arrival_hothouse, layout_basic, due_unseen_surprise
D:2:      cheibrodos_fertilizer, layout_basic, basic_altar, minmay_door_square,
          kennysheep_generic_room_14, uniq_natasha, uniq_jessica

Skill      XL: |  1  2 |
---------------+-------+-----
Staves         | 3 |  3.3
Necromancy     | 1 |  1.5
Evocations     | 1 |  1.1
Fighting       | |  2.0
Throwing       | |  1.7
Dodging        | |  2.6

Action                   || total
-------------------------++-------
Melee: Quarterstaff      ||    20
       Staff             ||    81
Throw: Throwing net      ||     1
 Cast: Pain              ||     1
  Use: Potion            ||     1
Armor: Leather armour    ||    32
Dodge: Dodged            ||    58

Table legend: (Time is in decaauts)
 A = Elapsed time spent in this place.
 B = Non-inter-level travel time spent in this place.
 C = Inter-level travel time spent in this place.
 D = Time resting spent in this place.
 E = Time spent auto-exploring this place.
 F = Levels seen in this place.
 G = Mean time per level.
                   A        B        C        D        E       F      G
               +--------+--------+--------+--------+--------+-----+--------+
         Total |   1768 |   1740 |     28 |    375 |    996 |   2 |  884.0 |
       Dungeon |   1768 |   1740 |     28 |    375 |    996 |   2 |  884.0 |
               +--------+--------+--------+--------+--------+-----+--------+

Top non-repeatable levels by time:
     D:1: 1577 daAuts
     D:2: 191 daAuts
